 Dungeon Crawl Stone Soup version 0.31.0-32-g396128a36d (webtiles) character file.

Game seed: 5396621749377138725

293 TacoSundae the Insei (level 6, -1/29 HPs)
             Began as a Vine Stalker Shapeshifter on Apr 5, 2024.
             Slain by a ball python (2 damage)
             ... in a sewer.
             The game lasted 00:08:42 (2919 turns).

TacoSundae the Insei (Vine Stalker Shapeshifter)    Turns: 2919, Time: 00:08:42

Health: -1/29      AC:  2    Str: 16    XL:     6   Next: 33%
Magic:  0/7        EV: 12    Int: 10    God:
Gold:   166        SH:  0    Dex: 16    Spells: 5/5 levels left

rFire   . .          .
                       - Unarmed
rCold   . . .        (no shield)
rNeg    . . .        a - +0 animal skin
rPois   .            (helmet currently unavailable)
rElec   .            (cloak currently unavailable)
rCorr   .            (gloves currently unavailable)
SInv    .            (boots currently unavailable)
Will    .....        (no amulet)
Stlth   +            (no ring)
HPRegen 1.04/turn    (no ring)
MPRegen 0.10/turn

%: guardian spirit
@: lethally poisoned (-1 -> -1), beast-form, weak-willed
A: beast (slay +2), fangs 2, regeneration 1, magic shield, antimagic bite, no
potion heal 2
a: Begin Untransformation


You were in a sewer.
You were a hulking beast.
You visited 1 branch of the dungeon, and saw 3 of its levels.
You also visited: Sewer.

You collected 166 gold pieces.

Inventory:

Missiles
 q - 11 boomerangs
 x - 4 poisoned darts (quivered)
Armour
 a - a +0 animal skin (worn)
Jewellery
 m - a ring of magical power
Talismans
 c - a beast talisman
 d - a flux talisman
Scrolls
 e - a scroll of vulnerability
 h - a scroll of noise {unknown}
 j - 5 scrolls of identify {unknown}
 p - a scroll of brand weapon {unknown}
 s - a scroll of enchant weapon {unknown}
 v - a scroll of blinking {unknown}
 w - a scroll of revelation {unknown}
 y - a scroll of poison {unknown}
Potions
 b - 2 potions of invisibility {unknown}
 g - 2 potions of attraction {unknown}
 i - a potion of brilliance {unknown}
 k - a potion of resistance {unknown}
 l - 3 potions of heal wounds {unknown}
 n - a potion of ambrosia {unknown}
 o - 2 potions of degeneration {unknown}
 r - 2 potions of curing {unknown}
 t - a potion of magic {unknown}
 u - a potion of mutation {unknown}
 z - a potion of haste {unknown}


   Skills:
 - Level 0.8 Fighting
 - Level 1.5 Dodging
 * Level 5.3 Unarmed Combat
 * Level 5.0 Shapeshifting


You had 5 spell levels left.
You didn't know any spells.
Your spell library contained the following spells:

 Spells                   Type           Power      Damage    Failure   Level
 Freeze                   Ice            0%         1d3       36%         1
 Frozen Ramparts          Ice            0%         1d1       75%         3
 Hailstorm                Conj/Ice       0%         3d5       75%         3
 Inner Flame              Hex/Fire       0%         N/A       75%         3
 Flame Wave               Conj/Fire      0%         2d4       98%         4
 Sticky Flame             Fire/Alch      0%         2d4       98%         4


Dungeon Overview and Level Annotations

Branches:
Dungeon (3/15)              Sewer (1/1)

Altars:


Innate Abilities, Weirdness & Mutations

You are a hulking beast.
Your limbs bulge with bestial killing power. (Slay +2)
You have extremely sharp teeth.
Your natural rate of healing is unusually fast.
When hurt, damage is shared between your health and your magic reserves.
Your bite disrupts and absorbs the magic of your enemies.
Potions cannot restore your health.


Message History

You are poisoned.
The adder poisons you! The adder completely misses you. The adder bites you.
The ball python hisses angrily.
You punch the adder!
You kill the adder!
You feel sick.
The adder bites you. 2 bullfrogs come into view.
You closely miss the adder.
The bullfrog gives a loud, deep croak!
The bullfrog croaks.
You bite the adder. You drain its power.
You feel invigorated.
The adder is moderately wounded.
You feel sick. The ball python barely misses you. The ball python misses you.
The adder bites you but does no damage. The ball python barely misses you.
The ball python misses you.
You closely miss the adder.
The adder is moderately wounded.
You feel sick. The adder bites you. The ball python bites you.
The ball python grabs you. The ball python constricts you.
The ball python barely misses you.
The ball python hisses angrily.
You punch the adder!
You kill the adder!
You feel sick. The ball python bites you. The ball python constricts you.
The bullfrog hits you. The ball python barely misses you.
Your Shapeshifting skill increases to level 5!
Unknown command.
Okay, then.
As you read the scroll labelled RIUX CU HUSAST, it crumbles to dust.
A wave of despondency washes over your surroundings.
It was a scroll of vulnerability.
You feel sick. The ball python misses you. The ball python constricts you.
The bullfrog hits you!
* * * LOW HITPOINT WARNING * * *
The ball python bites you.
* * * LOW HITPOINT WARNING * * *
As you read the scroll labelled SYV GOBIV OMUE, it crumbles to dust.
It is a scroll of amnesia.
You feel forgetful for a moment.
You feel sick. The bullfrog hits you!
* * * LOW HITPOINT WARNING * * *
The ball python loses its grip on you. The ball python bites you.
You die...

#.~~S~##
##~~~~
#≈≈~#≈≈#
#~~~~~
#≈≈~~~≈#
#~~≈≈≈
#≈~≈~~≈#
#~~≈~≈
#≈~~~≈≈#
#≈≈~~≈
#~≈~≈~≈#
#≈≈~~~
#SF≈≈≈≈#
#≈≈≈~≈
#~SF≈≈≈#
#≈≈~≈~
#ShS≈≈≈#
##~~~~
#~~≈~≈≈#
#≈†[)~
#≈#~≈≈≈#
#≈††~~
#≈~~≈~≈#
#~~~~≈
#≈~~~≈≈#
#~~≈≈≈
#≈~≈~≈≈#
#≈~~≈≈
#~≈~~~≈#
#≈≈≈~~
#~~≈~≈~#####
#~~≈~~
##~~~~###..#
#.~~~~


You could see 2 bullfrogs and 4 ball pythons.

Vanquished Creatures
  An orc wizard (D:3)
  8 gnolls (D:3)
  3 adders (Sewer)
  8 river rats
  2 dart slugs
  3 orcs (D:3)
  11 ball pythons
  5 bats
  4 endoplasms
  6 giant cockroaches
  6 goblins
  3 hobgoblins
  4 jackals (D:2)
  3 quokkas
  4 frilled lizards
  2 kobolds
  25 rats
98 creatures vanquished.

Notes
Turn   | Place    | Note
-------+----------+-------------------------------------------
     0 | D:1      | TacoSundae the Vine Stalker Shapeshifter began the quest
                  | for the Orb.
     0 | D:1      | Reached XP level 1. HP: 9/9 MP: 2/2
   155 | D:1      | Reached XP level 2. HP: 14/14 MP: 3/3
   787 | D:1      | Reached XP level 3. HP: 16/17 MP: 4/4
  1613 | D:2      | Found a faded altar of an unknown god.
  2151 | D:3      | Reached XP level 4. HP: 18/19 MP: 5/5
  2373 | D:3      | Reached XP level 5. HP: 14/25 MP: 3/6
  2592 | D:3      | Found a glowing drain.
  2601 | Sewer    | Entered a sewer
  2627 | Sewer    | Reached skill level 5 in Unarmed Combat
  2632 | Sewer    | Reached XP level 6. HP: 29/29 MP: 5/7
  2918 | Sewer    | Reached skill level 5 in Shapeshifting
  2919 | Sewer    | HP: 1/29 [bullfrog (6)]
  2919 | Sewer    | Slain by a ball python

Illustrated notes

Levels and vault maps discovered:
D:1:      dpeg_arrival_subterranean_lakeside_camping, layout_basic
D:2:      layout_basic, shapermc_ecumenical_altar_flowoftime,
          serial_bayou_pond_b, chequers_serial_rivers_small_b, minmay_tromino_v2
D:3:      layout_basic, nicolae_vehumet_altar_sigil, portal_sewer_entry_b
Sewer:    sewer_minmay_w

Skill      XL: |  1  2  3  4  5  6 |
---------------+-------------------+-----
Unarmed Combat | 4 5 |  5.3
Shapeshifting  | 4 5 |  5.0
Fighting       | |  0.8
Dodging        | |  1.5

Action                     |  1- 3 |  4- 6 || total
---------------------------+-------+-------++-------
  Melee: Unarmed           |    93 |   147 ||   240
         Bite              |    19 |    28 ||    47
         Punch             |     5 |     3 ||     8
    Use: Potion            |       |     1 ||     1
         Scroll            |       |     2 ||     2
   Stab: Sleeping          |     1 |     1 ||     2
 Armour: Animal skin       |    36 |    90 ||   126
         Skin              |       |     2 ||     2
  Dodge: Dodged            |    40 |    83 ||   123
